Map: Ephemeron LE

Players

pHARM

  • Race: Zerg Zerg
  • League: Platinum
  • Spawn Location: 11:00

Jamintpot - Winner!

  • Race: Protoss Protoss
  • League: Platinum
  • Spawn Location: 5:00

VOD

Have the link to the VOD?

Description

Time

  • Played on: Sept. 9, 2019, 6:14 p.m.
  • Length: 17:30
Show
View Real Time Build Order
Export as new Build Order

pHARM Zerg 

Build Orders: Hatch First, Swarm Host 

Get SALT Encoding   

  12  0:01  Drone  
  13  0:15  Overlord  
  13  0:17  Drone  
  14  0:33  Drone x2  
  16  0:51  Hatchery  
  16  0:55  Drone  
  16  0:58  Drone  
  16  1:01  Drone  
  18  1:16  Drone  
  19  1:22  Spawning Pool  
  18  1:28  Drone  
  19  1:43  Drone x2  
  21  1:49  Extractor  
  20  1:56  Overlord  
  20  2:08  Queen  
  20  2:10  Queen  
  20  2:11  Drone  
  20  2:12  Drone  
  26  2:18  Overlord  
  26  2:24  Drone  
  27  2:31  Drone  
  28  2:37  Drone  
  28  2:38  Drone x2  
  31  2:47  Queen  
  31  2:51  Drone x2  
  35  3:02  Spine Crawler  
  34  3:13  Pneumatized Carapace  
  34  3:18  Zergling x14  
  41  3:35  Metabolic Boost  
  39  3:59  Drone x4  
  43  4:03  Overlord x3  
  43  4:12  Overlord x3  
  40  4:52  Zergling x14  
  45  4:53  Zergling x8  
  45  4:55  Extractor  
  48  5:01  Lair  
  48  5:04  Drone  
  48  5:05  Drone  
  50  5:09  Hatchery  
  50  5:28  Drone x3  
  50  5:29  Extractor, Drone x2  
  53  5:41  Zergling x2  
  53  5:42  Zergling x12  
  60  5:50  Zergling x4  
  60  6:24  Drone x10  
  70  6:33  Drone x3  
  73  6:43  Extractor  
  72  6:48  Hydralisk Den  
  72  6:50  Baneling Nest  
  72  6:52  Drone x3  
  72  6:53  Evolution Chamber  
  72  6:55  Drone x2  
  56  7:53  Zerg Melee Weapons Level 1  
  56  7:56  Grooved Spines  
  56  7:58  Evolution Chamber, Hydralisk x12  
  79  8:08  Zergling x2  
  79  8:10  Zergling x10  
  85  8:25  Zergling x2  
  85  8:26  Zergling x4  
  88  8:33  Zergling x14  
  78  8:41  Zergling x6  
  67  8:50  Zergling x10  
  61  9:08  Muscular Augments  
  61  9:10  Hatchery  
  60  9:23  Drone x7  
  60  9:24  Drone x3  
  70  9:27  Zerg Missile Weapons Level 1  
  70  9:28  Centrifical Hooks  
  65  9:52  Zergling x4  
  65  9:53  Zergling x8  
  65  9:57  Baneling x6  
  65  9:58  Baneling x13  
  69  10:30  Drone, Hatchery  
  69  10:31  Drone x11  
  80  10:53  Hydralisk x5  
  80  10:54  Extractor  
  80  10:55  Overlord x4  
  89  11:09  Zergling x6  
  77  11:15  Hydralisk x4  
  79  11:23  Zergling x2  
  78  11:30  Baneling x4  
  77  11:46  Zerg Melee Weapons Level 2  
  77  11:47  Zerg Missile Weapons Level 2  
  77  11:55  Hatchery  
  76  12:06  Hydralisk x7  
  90  12:10  Hatchery  
  90  12:15  Extractor  
  88  12:19  Extractor  
  87  12:33  Zergling x10  
  92  12:37  Baneling x2  
  92  12:43  Queen  
  94  12:47  Zergling x2  
  94  12:48  Zergling x10  
  100  12:56  Baneling x10  
  100  12:58  Hydralisk x2  
  100  13:01  Zergling x2  
  100  13:02  Zergling x6  
  108  13:15  Hydralisk x8  
  108  13:18  Zergling x2  
  125  13:26  Infestation Pit  
  124  13:29  Zergling x12  
  130  13:53  Drone x4  
  130  13:54  Overlord  
  130  13:55  Overlord x10  
  134  14:16  Hive  
  134  14:18  Zerg Ground Armor Level 1  
  134  14:28  Swarm Host  
  134  14:29  Swarm Host x15  
  182  14:35  Drone  
  182  14:36  Drone x4  
  159  14:48  Swarm Host x4  
  159  14:49  Swarm Host  
  159  14:52  Swarm Host  
  177  14:59  Extractor  
  176  15:00  Extractor  
  175  15:18  Nydus Network  
  174  16:16  Nydus Canal  
Show
View Real Time Build Order
Export as new Build Order

Jamintpot Protoss - Winner!

Build Orders:  

Get SALT Encoding   

  12  0:01  Probe  
  13  0:13  Probe  
  14  0:25  Probe  
  14  0:26  Pylon  
  15  0:48  Forge  
  15  0:49  Gateway  
  15  0:58  Probe  
  16  1:07  Pylon  
  16  1:14  Probe  
  17  1:19  Assimilator  
  17  1:30  Photon Cannon  
  17  1:37  Zealot  
  19  1:48  Cybernetics Core, Probe  
  19  1:49  Pylon  
  20  2:00  Probe  
  21  2:05  Zealot  
  23  2:13  Probe  
  24  2:17  Assimilator  
  24  2:23  Gateway  
  24  2:32  Warp Gate  
  24  2:38  Nexus  
  24  2:43  Pylon  
  24  2:48  Adept  
  26  2:55  Probe  
  27  3:08  Photon Cannon  
  27  3:22  Adept x2  
  31  3:28  Probe  
  32  3:40  Probe  
  33  3:46  Probe  
  33  3:54  Probe  
  31  4:04  Probe  
  32  4:13  Probe  
  33  4:19  Gateway  
  33  4:21  Pylon, Probe  
  33  4:31  Probe  
  34  4:38  Stalker x2  
  37  4:43  Probe  
  40  4:54  Protoss Ground Weapons Level 1  
  40  4:55  Probe  
  41  5:01  Gateway  
  41  5:03  Assimilator  
  41  5:08  Stalker x2  
  41  5:10  Gateway  
  45  5:15  Stalker  
  47  5:22  Assimilator  
  47  5:28  Twilight Council  
  47  5:30  Probe  
  48  5:35  Charge  
  48  5:38  Probe  
  49  5:47  Probe  
  50  5:58  Probe  
  50  6:00  Zealot x4  
  59  6:06  Probe  
  60  6:14  Probe  
  60  6:15  Gateway  
  60  6:18  Photon Cannon  
  61  6:25  Probe  
  61  6:28  Pylon  
  62  6:42  Pylon  
  62  6:43  Pylon  
  62  6:46  Probe  
  63  6:49  Zealot x2  
  63  6:50  Zealot  
  69  6:55  Probe  
  70  7:07  Zealot  
  70  7:08  Zealot  
  74  7:09  Dark Shrine  
  74  7:13  Gateway  
  74  7:21  Zealot x3  
  78  7:37  Protoss Ground Weapons Level 2  
  78  7:40  Probe  
  78  7:44  Blink  
  79  7:50  Sentry x2  
  83  7:52  Probe  
  83  7:55  Stalker  
  86  8:01  Pylon  
  86  8:15  Nexus  
  86  8:19  Probe  
  71  9:00  Zealot  
  71  9:01  Stalker  
  71  9:02  Stalker x4  
  69  9:03  Stalker  
  69  9:05  Pylon  
  69  9:08  Pylon  
  71  9:20  Pylon  
  71  9:30  Dark Templar x4  
  71  9:31  Stalker x3  
  81  9:32  Templar Archives  
  84  9:47  Psionic Storm  
  84  9:51  Pylon  
  84  9:53  Probe  
  85  10:00  Photon Cannon  
  85  10:01  Photon Cannon  
  85  10:04  Photon Cannon  
  85  10:05  Probe  
  86  10:11  High Templar x2  
  86  10:12  High Templar x2  
  94  10:14  Probe  
  94  10:15  Archon  
  94  10:16  Archon  
  95  10:23  Probe  
  95  10:25  Zealot x3  
  102  10:31  Protoss Shields Level 1  
  102  10:32  Probe  
  102  10:34  Probe  
  102  10:35  Assimilator  
  103  10:42  Probe  
  104  10:44  Probe  
  104  10:46  High Templar x2  
  104  10:47  High Templar  
  112  10:51  Probe  
  112  10:56  Probe  
  114  11:01  Robotics Facility  
  114  11:08  Probe  
  87  11:19  Zealot x2  
  87  11:20  Zealot x5  
  99  11:39  Assimilator  
  99  11:51  Observer  
  100  11:55  Robotics Bay  
  100  12:05  Zealot  
  100  12:06  Zealot x2, Nexus, Stalker  
  100  12:07  Pylon, Stalker x3  
  114  12:09  Pylon  
  114  12:11  Pylon  
  114  12:12  Observer  
  115  12:23  Pylon  
  115  12:25  Pylon  
  115  12:30  Gateway  
  115  12:32  Photon Cannon  
  115  12:35  Photon Cannon  
  115  12:36  Photon Cannon  
  115  12:41  Gravitic Boosters  
  115  12:43  Colossus  
  115  12:44  Assimilator  
  115  12:49  Assimilator  
  121  13:11  Stalker x3  
  121  13:12  Dark Templar  
  129  13:13  Zealot x3  
  129  13:17  Probe  
  135  13:23  Extended Thermal Lance  
  135  13:24  Protoss Shields Level 2  
  135  13:25  Probe  
  136  13:30  Colossus  
  136  13:33  Probe  
  137  13:37  Sentry x5  
  154  13:41  Probe  
  155  13:49  Probe  
  156  14:01  Probe  
  156  14:02  Protoss Air Weapons Level 1  
  157  14:08  Stargate  
  157  14:10  Stargate  
  157  14:13  Probe  
  154  14:56  Colossus  
  160  15:01  Probe, Void Ray x2  
  169  15:09  Probe  
  170  15:19  Probe  
  171  15:38  Photon Cannon  
  171  15:41  Photon Cannon  
  171  15:42  Photon Cannon  
  171  15:43  Photon Cannon, Shield Battery  
  171  15:44  Void Ray x2  
  171  15:47  Nexus  
  179  15:50  Pylon  
  179  15:52  Pylon  
  179  15:54  Pylon  
  179  16:07  Pylon x2  
  179  16:10  Pylon  
  179  16:14  Photon Cannon  
  179  16:16  Photon Cannon  
  179  16:18  Photon Cannon  
  179  16:22  Photon Cannon  
  179  16:27  Void Ray  
  183  16:37  Dark Templar x6  
Tags
 
Composition
Swarm Host
Matchup
PvZ
Replay Pack
10.7.19
Spawn Locations
Cross Positions
Add a new tag
Caveats
  • Supply blocks, unpowered buildings, or Contaminate may cause inaccurate times.
  • Supply counts are checked every 10 seconds.